 Dungeon Crawl Stone Soup version 0.28.0-53-g5a82cb258f (webtiles) character file.

Game seed: 14672450091629090338

10220 Zeld the Cleaver (level 11, -1/151 HPs)
             Began as a Minotaur Berserker on Aug 1, 2022.
             Was an Elder of Trog.
             Slain by Sonja
             ... wielding a +0 short sword of venom
              (3 damage)
             ... on level 10 of the Dungeon.
             The game lasted 00:12:29 (14112 turns).

Zeld the Cleaver (Minotaur Berserker)              Turns: 14112, Time: 00:12:30

Health: -1/151     AC: 19    Str: 26    XL:     11   Next: 33%
Magic:  3/3        EV: 10    Int:  4    God:    Trog [****..]
Gold:   330        SH:  0    Dex: 10    Spells: 10/10 levels left

rFire   + . .      SeeInvis +   p - +7 short sword of Usmamer {antimagic, rF+ rC- Will+++ SInv}
rCold   . . .      Faith    .   (no shield)
rNeg    . . .      Spirit   .   q - +0 plate armour
rPois   +          Reflect  .   (helmet restricted)
rElec   .          Harm     .   k - +0 cloak
rCorr   .          Rampage  .   L - +1 pair of gloves of the Lich-sworn {+Inv rC+}
Will    +++++                   M - +0 pair of boots
Stlth   ..........              d - amulet of the acrobat
HPRegen 1.35/turn               g - ring of poison resistance
MPRegen 0.08/turn               b - ring of flight

@: berserking, lethally poisoned (-1 -> -17), strong-willed, flying,
regenerating, very quick
A: horns 2, retaliatory headbutt
a: Renounce Religion, Evoke Invisibility, Berserk, Trog's Hand, Brothers in Arms


You were on level 10 of the Dungeon.
You worshipped Trog.
Trog was greatly pleased with you.
You visited 2 branches of the dungeon, and saw 11 of its levels.
You also visited: Ossuary.

You collected 784 gold pieces.
You spent 454 gold pieces at shops.

Inventory:

Hand Weapons
 a - a +0 war axe
 p - the +7 short sword of Usmamer (weapon) {antimagic, rF+ rC- Will+++ SInv}
   (You found it on level 3 of the Dungeon)

   It reduces the magical energy of the wielder, and disrupts the spells and
   magical abilities of those it strikes.
   Natural abilities and divine invocations are not affected.
   rF:        It protects you from fire.
   rC:        It makes you vulnerable to cold.
   SInv:      It lets you see invisible.
   Will:      It greatly increases your willpower.
Missiles
 r - 25 poisoned darts (quivered)
 I - a boomerang of dispersal
 N - 2 throwing nets
Armour
 k - a +0 cloak (worn)
 q - a +0 plate armour (worn)
 L - the +1 pair of gloves of the Lich-sworn (worn) {+Inv rC+}
   (You bought it in a shop on level 8 of the Dungeon)

   rC:        It protects you from cold.
   +Inv:      It lets you turn invisible.
 M - a +0 pair of boots (worn)
Jewellery
 b - a ring of flight (right hand)
 d - an amulet of the acrobat (around neck)
 e - a ring of see invisible
 g - a ring of poison resistance (left hand)
Wands
 u - a wand of acid (4)
 x - a wand of iceblast (21)
 z - a wand of digging (7)
 E - a wand of flame (10)
Scrolls
 c - 2 scrolls of enchant armour
 h - 2 scrolls of fear
 i - 4 scrolls of teleportation
 o - a scroll of immolation
 s - a scroll of holy word
 t - 3 scrolls of blinking
 v - 3 scrolls of magic mapping
 y - a scroll of acquirement {unknown}
 C - 2 scrolls of summoning
 D - a scroll of enchant weapon {unknown}
 F - a scroll of fog {unknown}
Potions
 f - 4 potions of attraction {unknown}
 j - a potion of magic {unknown}
 m - a potion of invisibility {unknown}
 n - 4 potions of haste {unknown}
 A - 2 potions of curing {unknown}
 B - 2 potions of flight {unknown}
 G - 2 potions of degeneration {unknown}
 H - a potion of cancellation {unknown}
 J - 2 potions of heal wounds {unknown}
 K - 5 potions of mutation {unknown}


   Skills:
 + Level 10.3 Fighting
 * Level 13.9 Axes
 + Level 10.0 Armour
 + Level 9.1 Dodging


You had 10 spell levels left.
You didn't know any spells.
Your spell library was empty.

Dungeon Overview and Level Annotations

Branches:
Dungeon (10/15)            Temple (1/1) D:7         Ossuary (visited)
   Lair: D:8-11         Orc: D:9-12

Altars:
Ashenzari
Cheibriados
Dithmenos
Elyvilon
Fedhas
Gozag
Hepliaklqana
Kikubaaqudgha
Makhleb
Nemelex Xobeh
Okawaru
Qazlal
Ru
Sif Muna
Trog
Uskayaw
Vehumet
Wu Jian
Xom
Yredelemnul
Zin
The Shining One

Shops:
D:8 [   D:9 ?

Annotations:
D:9 1 runed translucent door, Woods's ghost, journeyman DESu
D:10 Sonja


Innate Abilities, Weirdness & Mutations

You have a pair of horns on your head.
You reflexively headbutt those who attack you in melee.


Message History

You feel very sick. Sonja hits you but does no damage.
Sonja hits you with a +0 short sword of venom.
* * * LOW HITPOINT WARNING * * *
Sonja hits you but does no damage.
You barely miss Sonja. Your headbutt misses Sonja.
Sonja is almost dead.
You feel very sick. Sonja hits you but does no damage.
You are more poisoned.
Sonja hits you but does no damage.
Sonja hits you with a +0 short sword of venom.
* * * LOW HITPOINT WARNING * * *
You miss Sonja. Your headbutt misses Sonja.
Sonja is almost dead.
You feel very sick.
Sonja says, "I'm academy-trained, you know."
Sonja barely misses you. You furiously retaliate!
You headbutt Sonja. Sonja hits you but does no damage.
You are lethally poisoned!
Sonja hits you but does no damage.
You closely miss Sonja.
Sonja is almost dead.
* * * LOW HITPOINT WARNING * * *
You feel very sick. Sonja hits you but does no damage. x3
You are more poisoned.
Unknown command.
You miss Sonja. Your headbutt misses Sonja.
Sonja is almost dead.
* * * LOW HITPOINT WARNING * * *
You feel extremely sick.
Sonja hits you with a +0 short sword of venom.
* * * LOW HITPOINT WARNING * * *
Sonja hits you but does no damage.
Sonja hits you with a +0 short sword of venom.
* * * LOW HITPOINT WARNING * * *
Sonja barely misses you.
Sonja hits you with a +0 short sword of venom.
You die...

# #......# ##.####
#......# ###....>..
#......# #.K.......
#......####@#○○.....
#......#....#..B....
#....[.#.####.K.....
#......#.# $......
#........# ###.###
#......### ..
###..### #.
###..#### #
#.......# #


You could see Sonja (magic disrupted).

Vanquished Creatures
  Erica (D:10)
  A boulder beetle (D:10)
  2 two-headed ogres
  Pikel (D:5)
  A cyclops (D:9)
  Maurice (D:8)
  9 yaks
  Eustachio (D:4)
  2 steam dragons
  4 vampire mosquitoes (D:10)
  Grum (D:10)
  A water moccasin (D:6)
  2 acid dragons
  Duvessa (D:4)
  4 orc warriors
  An ice beast (D:7)
  2 black bears
  2 sky beasts
  2 ogres
  2 wolves (D:10)
  7 centaurs
  4 lemures (D:5)
  A phantom (D:4)
  A kobold brigand (D:5)
  2 bullfrogs
  An elf zombie (D:7)
  A gnoll sergeant (D:8)
  2 scorpions
  Dowan (D:4)
  2 water moccasin skeletons
  3 wights
  4 killer bees (D:10)
  2 centaur zombies
  A crimson imp (D:7)
  2 centaur skeletons
  6 orc priests
  2 jellies
  2 hounds
  A human skeleton (D:7)
  2 iguanas
  2 orc wizards
  A killer bee zombie (D:8)
  8 mummies (Ossuary)
  11 gnolls
  8 adders
  A howler monkey skeleton (D:4)
  A shadow imp (D:7)
  3 white imps
  2 worms (D:2)
  4 dart slugs
  20 orcs
  10 ball pythons
  7 endoplasms
  6 giant cockroaches
  7 goblins
  6 hobgoblins
  3 jackals (D:1)
  7 kobolds
  9 quokkas
  7 bats
  2 frilled lizards
  4 hobgoblin zombies (Ossuary)
  3 kobold zombies (Ossuary)
  2 orc skeletons (D:7)
  3 orc zombies
  7 rats
232 creatures vanquished.

Vanquished Creatures (others)
  2 fungi (D:4)
  7 plants (D:9)
9 creatures vanquished.

Grand Total: 241 creatures vanquished

Notes
Turn   | Place    | Note
-------+----------+-------------------------------------------
     0 | D:1      | Zeld the Minotaur Berserker began the quest for the Orb.
     0 | D:1      | Reached XP level 1. HP: 19/19 MP: 0/0
   122 | D:1      | Reached XP level 2. HP: 16/27 MP: 1/1
   125 | D:1      | Reached skill level 4 in Axes
   506 | D:1      | Reached XP level 3. HP: 28/33 MP: 2/2
   822 | D:1      | Reached ** piety under Trog
  1033 | D:1      | Found a faded altar of an unknown god.
  1806 | D:2      | Reached XP level 4. HP: 31/40 MP: 3/3
  2301 | D:2      | Reached skill level 5 in Axes
  2773 | D:3      | Reached XP level 5. HP: 47/47 MP: 4/4
  3172 | D:3      | Identified the +7 short sword of Usmamer {antimagic, rF+
                  | rC- Will+++ SInv}
  3353 | D:3      | Found a basalt altar of Yredelemnul.
  3392 | D:3      | Noticed an ice beast
  3580 | D:3      | Found a basalt altar of Yredelemnul.
  4083 | D:4      | Reached *** piety under Trog
  4105 | D:4      | Reached XP level 6. HP: 47/55 MP: 1/5
  4109 | D:4      | Identified the +1 leather armour of Dawn {Dex+4}
  4207 | D:4      | Reached skill level 5 in Fighting
  4207 | D:4      | Reached skill level 6 in Axes
  4211 | D:4      | Noticed Eustachio
  4296 | D:4      | Killed Eustachio
  4403 | D:4      | Noticed Duvessa
  4404 | D:4      | Noticed Dowan
  4567 | D:4      | Killed Duvessa
  4568 | D:4      | Reached skill level 7 in Axes
  4568 | D:4      | Reached XP level 7. HP: 47/61 MP: 2/6
  4742 | D:4      | Killed Dowan
  4984 | D:4      | Reached skill level 5 in Armour
  5099 | D:4      | Found a broken altar of Ashenzari.
  5104 | D:4      | Saw a vision of the Swamp and the Snake Pit.
  5104 | D:4      | Noticed a goliath frog
  5104 | D:4      | Noticed a vampire mosquito
  5104 | D:4      | Noticed a vampire mosquito
  5104 | D:4      | Noticed an alligator
  5104 | D:4      | Noticed a naga ritualist
  5104 | D:4      | Noticed a black mamba
  5104 | D:4      | Noticed an anaconda
  5104 | D:4      | Noticed an anaconda
  5105 | D:4      | Noticed a vampire mosquito
  5105 | D:4      | Noticed a vampire mosquito
  5107 | D:4      | Noticed an anaconda
  5107 | D:4      | Noticed a naga mage
  5635 | D:4      | Found a shimmering altar of Xom.
  5775 | D:4      | Reached XP level 8. HP: 61/70 MP: 2/7
  5824 | D:5      | Entered Level 5 of the Dungeon
  5832 | D:5      | Reached skill level 8 in Axes
  5832 | D:5      | Reached skill level 5 in Dodging
  5996 | D:5      | Found a burning altar of Makhleb.
  6104 | D:5      | Noticed Pikel
  6294 | D:5      | Killed Pikel
  6295 | D:5      | Reached skill level 9 in Axes
  7564 | D:6      | Found an iron altar of Okawaru.
  7567 | D:6      | Found an ornate altar of the Wu Jian Council.
  7584 | D:6      | Reached XP level 9. HP: 45/79 MP: 2/8
  7806 | D:6      | Reached skill level 10 in Axes
  7815 | D:6      | Reached **** piety under Trog
  7945 | D:6      | Noticed a two-headed ogre
  8185 | D:6      | Killed a two-headed ogre
  8415 | D:6      | Reached skill level 11 in Axes
  8486 | D:7      | Found a staircase to the Ecumenical Temple.
  8571 | D:7      | Found a sand-covered staircase.
  8576 | Ossuary  | Entered an ossuary
  9886 | D:7      | Found a hide-covered altar of Uskayaw.
  9915 | D:7      | Reached XP level 10. HP: 75/90 MP: 3/9
  9982 | Temple   | Entered the Ecumenical Temple
 10517 | D:8      | Noticed Maurice
 11021 | D:8      | Killed Maurice
 11145 | D:8      | Found Kasaid's Antique Armour Emporium.
 11182 | D:7      | Reached skill level 12 in Axes
 11690 | D:8      | Bought a pair of spiked gloves for 171 gold pieces
 11690 | D:8      | Identified the +1 pair of gloves of the Lich-sworn {+Inv
                  | rC+} (You bought it in a shop on level 8 of the Dungeon)
 11690 | D:8      | Bought a pair of boots for 81 gold pieces
 11977 | D:8      | Reached ***** piety under Trog
 12496 | D:9      | Found a runed translucent door.
 12501 | D:9      | Identified the +4 spear of Jaemnian {antimagic, Str+2}
 12502 | D:9      | Noticed Woods's ghost (journeyman DESu)
 12510 | D:9      | Noticed a two-headed ogre
 12530 | D:9      | Killed a two-headed ogre
 12533 | D:9      | Reached skill level 13 in Axes
 13033 | D:9      | Found Sybu's Magic Scroll Emporium.
 13041 | D:9      | Bought a scroll of identify for 30 gold pieces
 13041 | D:9      | Bought a scroll of summoning for 142 gold pieces
 13041 | D:9      | Bought a scroll of identify for 30 gold pieces
 13182 | D:9      | Noticed a cyclops
 13185 | D:9      | Killed a cyclops
 13186 | D:9      | Reached XP level 11. HP: 99/99 MP: 3/10
 13194 | D:9      | Found a stormy altar of Qazlal.
 13365 | D:10     | Entered Level 10 of the Dungeon
 13374 | D:10     | Noticed Erica
 13397 | D:10     | Killed Erica
 13398 | D:10     | Reached skill level 10 in Fighting
 13948 | D:10     | Noticed Grum
 13952 | D:10     | Killed Grum
 14080 | D:10     | Noticed a boulder beetle
 14081 | D:10     | Noticed Sonja
 14101 | D:10     | Killed a boulder beetle
 14102 | D:10     | Reached skill level 10 in Armour
 14112 | D:10     | HP: 6/151 [poisoned by Sonja]
 14112 | D:10     | HP: 2/151 [Sonja/+0 short sword of venom (3)]
 14112 | D:10     | Slain by Sonja

Illustrated notes

Levels and vault maps discovered:
D:1:      lemuel_arrival_lava_pool, layout_basic,
          hellmonk_ecumenical_altar_leap_of_faith
D:2:      layout_loops_corners, hangedman_feature_mirror
D:3:      layout_rooms, lemuel_round_altar, lightli_corner_chamber
D:4:      layout_basic, general_overflow_altar, grunt_ashenzari_visionary
          [grunt_ashenzari_visionary_swamp, grunt_ashenzari_visionary_snake],
          uniq_duvessa, uniq_eustachio
D:5:      layout_loops_cross, makhleb_heckhound_becter, uniq_pikel
D:6:      layout_rooms, nicolae_overflow_squiral,
          eino_small_chamber_without_monster, minmay_misc_feat_hallway,
          minmay_checkerbox
D:7:      layout_basic, nicolae_uskayaw_dance_hall,
          minmay_temple_entry_large_hall, nicolae_ossuary_entry_catacombs,
          kennysheep_nondescript, minmay_fire_ice_demons
D:8:      layout_cave_pools, serial_shops, nicolae_diamond_shop, uniq_maurice
D:9:      layout_rooms, marbit_many_paths, serial_shops, shop,
          ebering_ghost_funeral_grove
D:10:     layout_roguey, uniq_grum, uniq_nergalle, uniq_erica, uniq_sonja
Temple:   minmay_temple_curvy_branch

Skill      XL: |  1  2  3  4  5  6  7  8  9 10 11 |
---------------+----------------------------------+-----
Axes           | 4 5 7 9 11 13 | 13.9
Fighting       | 4 5 6 7 8 9 10 | 10.3
Armour         | 3 4 5 6 8 9 10 | 10.0
Dodging        | 3 4 6 7 8 9 |  9.1

Action                   |  1- 3 |  4- 6 |  7- 9 | 10-12 || total
-------------------------+-------+-------+-------+-------++-------
Melee: Hand axe          |    96 |    62 |       |       ||   158
       Headbutt          |    16 |    14 |    53 |    59 ||   142
       Short sword       |       |    31 |   267 |   270 ||   568
       Punch             |       |       |     1 |     4 ||     5
Throw: Dart              |       |       |       |    16 ||    16
Invok: Berserk           |       |     3 |     2 |     4 ||     9
       Trog's Hand       |       |       |       |     1 ||     1
  Use: Scroll            |       |       |       |     9 ||     9
 Stab: Sleeping          |     1 |     1 |       |       ||     2
Armor: Animal skin       |    22 |     6 |       |       ||    28
       Leather armour    |       |    10 |    18 |       ||    28
       Plate armour      |       |       |   100 |   168 ||   268
Dodge: Dodged            |    61 |    47 |   173 |   198 ||   479
